 Dungeon Crawl Stone Soup version 0.28.0 (webtiles) character file.

Game seed: 8044557526473765414

23 danielguo94 the Shield-Bearer (level 2, -3/19 HPs)
             Began as a Gargoyle Fighter on Feb 8, 2022.
             Slain by an orc (4 damage)
             ... on level 4 of the Dungeon.
             The game lasted 00:01:03 (1259 turns).

danielguo94 the Shield-Bearer (Gargoyle Fighter)    Turns: 1259, Time: 00:01:04

Health: -3/19      AC:  9    Str: 19    XL:     2   Next: 95%
Magic:  2/2        EV:  9    Int:  8    God:
Gold:   59         SH:  4    Dex:  9    Spells: 1/1 levels left

rFire   . . .      SeeInvis .   a - +0 flail
rCold   . . .      Faith    .   c - +0 buckler
rNeg    + . .      Spirit   .   b - +0 scale mail
rPois   ∞          Reflect  .   (no helmet)
rElec   +          Harm     .   (no cloak)
rCorr   .          Rampage  .   (no gloves)
Will    .....                   (no boots)
Stlth   ..........              (no amulet)
HPRegen 0.06/turn               (no ring)
MPRegen 0.08/turn               (no ring)

@: no status effects
A: sickness immunity, AC +2, negative energy resistance 1, electricity
resistance, torment resistance 1, petrification resistance
a: no special abilities


You were on level 4 of the Dungeon.
You visited 1 branch of the dungeon, and saw 3 of its levels.

You collected 59 gold pieces.

Inventory:

Hand Weapons
 a - a +0 flail (weapon)
Missiles
 e - 6 poisoned darts (quivered)
 f - 13 stones
Armour
 b - a +0 scale mail (worn)
 c - a +0 buckler (worn)
Scrolls
 h - a scroll of identify {unknown}
Potions
 d - a potion of might
 g - a potion of invisibility {unknown}


   Skills:
 + Level 3.6 Fighting
 * Level 2.4 Maces & Flails
 + Level 3.5 Armour
 + Level 3.6 Shields


You had one spell level left.
You didn't know any spells.
Your spell library was empty.

Dungeon Overview and Level Annotations

Branches:
Dungeon (2/15)

Altars:


Innate Abilities, Weirdness & Mutations

You are immune to sickness and miasma.
Your stone body is resilient. (AC +2)
You are immune to poison.
You resist negative energy. (rN+)
You are resistant to electric shocks. (rElec)
You are resistant to unholy torment.
You are immune to petrification.


Message History

You hit the hobgoblin.
The hobgoblin is severely wounded.
The hobgoblin hits you but does no damage.
The hobgoblin hits you.
You closely miss the hobgoblin.
The hobgoblin is severely wounded.
The hobgoblin closely misses you.
You sock the hobgoblin!
You kill the hobgoblin!
An orc comes into view. It is wielding a +0 dagger of speed.
An orc priest comes into view. It is wielding a +0 club.
The orc moves out of view.
The orc shouts!
You hear a shout! x2
The orc closely misses you.
You closely miss the orc.
An orc wizard comes into view. It is wielding a +0 dagger.
You block the orc's attack. The orc hits you but does no damage.
The orc priest hits you but does no damage.
You hit the orc priest but do no damage.
You block the orc's attack.
The orc priest hits you but does no damage.
You closely miss the orc wizard.
An orc comes into view. It is wielding a +0 trident.
The orc priest mumbles some strange prayers to Beogh against you.
Beogh smites you!
Ouch! That really hurt!
You are too injured to fight recklessly!
You are too injured to fight recklessly!
You are too injured to fight recklessly!
You hit the orc priest.
The orc priest is moderately wounded.
The orc priest hits you with a +0 club.
* * * LOW HITPOINT WARNING * * *
The orc wizard hits you but does no damage.
You sock the orc priest!
You kill the orc priest!
The orc hits you but does no damage.
The orc wizard hits you but does no damage.
The orc hits you from afar with a +0 trident.
You die...

... ..# #. .. ..#
#.##.##.# ##
.##..........
.......#.#.
#..#....o
#.....oo#
#....#@##.###
#.†.......#
#.####..###.###.#
#....!..##.##
######.....#
##.###.# #...# .#
#...# .. #...# .#


You could see an orc wizard and 2 orcs.

Vanquished Creatures
  An orc priest (D:4)
  A dart slug (D:1)
  3 bats
  3 endoplasms
  A giant cockroach (D:1)
  A goblin (D:2)
  A hobgoblin (D:4)
  A quokka (D:1)
  3 ball pythons
  A frilled lizard (D:1)
  4 kobolds (D:1)
  2 rats (D:1)
22 creatures vanquished.

Notes
Turn   | Place    | Note
-------+----------+-------------------------------------------
     0 | D:1      | danielguo94 the Gargoyle Fighter began the quest for the
                  | Orb.
     0 | D:1      | Reached XP level 1. HP: 14/14 MP: 1/1
   155 | D:1      | Found a faded altar of an unknown god.
   156 | D:1      | Noticed a great orb of eyes
   322 | D:1      | Noticed a floating eye
   326 | D:1      | Noticed a great orb of eyes
   326 | D:1      | Noticed a golden eye
   541 | D:1      | Reached XP level 2. HP: 19/19 MP: 2/2
  1238 | D:2      | You fall into a shaft and drop 2 floors!
  1259 | D:4      | Slain by an orc

Illustrated notes

Levels and vault maps discovered:
D:1:      minmay_arrival_hallway, layout_loops_corners,
          hellmonk_ecumenical_altar_watching_god, minivault_11
D:2:      layout_basic, minmay_misc_feat_tower
D:4:      layout_loops_cross, gup_sewer_entry_glass

Action                   || total
-------------------------++-------
Melee: Flail             ||    94
Armor: Scale mail        ||    61
Dodge: Dodged            ||    56
Block: Buckler           ||    19
